SNL (28 & UNDER)
WEST PALM REDS @ BLACKIRON DRAGONS
08/17/2023
 
TOP OF THE 1ST
West Palm Reds batting - Pitching for BlackIron Dragons : RHP Juan Gutiérrez
Pitching: RHP Juan Gutiérrez
Batting: SHB Francis Shaffer 0-0: Ball
1-0: Foul Ball, location: 2F
1-1: Foul Ball, location: 2F
1-2: SINGLE (Groundball, 56D)
Batting: RHB Juan Vareas 0-0: Fly out, F4 (Popup, 34D)
Batting: LHB Enrique Cortéz 0-0: Ball
1-0: Fly out, F6 (Line Drive, 6M)
Batting: LHB Jeff McKinney 0-0: Foul Ball, location: 2F
0-1: Foul Ball, location: 2F
0-2: Ground out 6-3 (Groundball, 6)
Top of the 1st over - 0 run(s), 1 hit(s), 0 error(s), 1 left on base; West Palm 0 - BlackIron 0
BOTTOM OF THE 1ST
BlackIron Dragons batting - Pitching for West Palm Reds : LHP Octávio Ramírez
Pitching: LHP Octávio Ramírez
Batting: RHB Dallas Blair 0-0: Called Strike
0-1: Foul Ball, location: 2F
0-2: Strikes out swinging
Batting: LHB Brian Roy 0-0: Foul Ball, location: 2F
0-1: Ground out 6-3 (Groundball, 6M)
Batting: RHB Robert Buckley 0-0: Called Strike
0-1: Ball
1-1: Swinging Strike
1-2: Strikes out swinging
Bottom of the 1st over - 0 run(s), 0 hit(s), 0 error(s), 0 left on base; West Palm 0 - BlackIron 0
TOP OF THE 2ND
West Palm Reds batting - Pitching for BlackIron Dragons : RHP Juan Gutiérrez
Batting: SHB Todd Smith 0-0: SINGLE (Groundball, 6M)
Batting: RHB Jack Ray 0-0: Swinging Strike
0-1: Foul Ball, location: 2F
0-2: Ball
1-2: Foul Ball, location: 2F
1-2: Ball
2-2: Foul Ball, location: 2F
2-2: Strikes out swinging
Batting: LHB Jeff Doss 0-0: Ball
1-0: Ball
2-0: Foul Ball, location: 2F
2-1: Foul Ball, location: 2F
2-2: Grounds into double play, 1-6-3 (Groundball, 13)
Top of the 2nd over - 0 run(s), 1 hit(s), 0 error(s), 0 left on base; West Palm 0 - BlackIron 0
BOTTOM OF THE 2ND
BlackIron Dragons batting - Pitching for West Palm Reds : LHP Octávio Ramírez
Batting: RHB Jonah Duncan 0-0: Called Strike
0-1: Ball
1-1: Foul Ball, location: 2F
1-2: Ball
2-2: Foul Ball, location: 2F
2-2: Ball
3-2: Strikes out swinging
Batting: RHB Edgardo Carrasco 0-0: Ball
1-0: Called Strike
1-1: Ground out 6-3 (Groundball, 6M)
Batting: RHB Phil Jacobs 0-0: Foul Ball, location: 2F
0-1: Called Strike
0-2: Ball
1-2: Strikes out swinging
Bottom of the 2nd over - 0 run(s), 0 hit(s), 0 error(s), 0 left on base; West Palm 0 - BlackIron 0
TOP OF THE 3RD
West Palm Reds batting - Pitching for BlackIron Dragons : RHP Juan Gutiérrez
Batting: LHB Bill Smith 0-0: Ground out 1-3 (Groundball, 15)
Batting: SHB Alex Hayes 0-0: Ground out 6-3 (Groundball, 6)
Batting: SHB Francis Shaffer 0-0: Swinging Strike
0-1: Foul Ball, location: 2F
0-2: Strikes out looking
Top of the 3rd over - 0 run(s), 0 hit(s), 0 error(s), 0 left on base; West Palm 0 - BlackIron 0
BOTTOM OF THE 3RD
BlackIron Dragons batting - Pitching for West Palm Reds : LHP Octávio Ramírez
Batting: RHB Brian Jackson 0-0: Called Strike
0-1: Ground out 6-3 (Groundball, 6)
Batting: RHB José Colón 0-0: Foul Ball, location: 2F
0-1: DOUBLE (Flyball, 8RXD)
Batting: RHB Joaquín Rosales 0-0: Called Strike
0-1: Ball
1-1: Swinging Strike
1-2: Ball
2-2: Strikes out swinging
Batting: RHB Dallas Blair 0-0: Ball
1-0: Ball
2-0: Ball
3-0: Base on Balls
Batting: LHB Brian Roy 0-0: Fly out, F8 (Flyball, 8LXD)
Bottom of the 3rd over - 0 run(s), 1 hit(s), 0 error(s), 2 left on base; West Palm 0 - BlackIron 0
TOP OF THE 4TH
West Palm Reds batting - Pitching for BlackIron Dragons : RHP Juan Gutiérrez
Batting: RHB Juan Vareas 0-0: Ball
1-0: Ball
2-0: Called Strike
2-1: Foul Ball, location: 2F
2-2: Ball
3-2: SINGLE (Groundball, 6D)
Batting: LHB Enrique Cortéz 0-0: Called Strike
0-1: Ball
1-1: Fly out, F8 (Flyball, 8LD)
Batting: LHB Jeff McKinney 0-0: Ball
1-0: Called Strike
1-1: Called Strike
Juan Vareas is caught stealing 2nd base
1-2: Ground out 3-1 (Groundball, 34)
Top of the 4th over - 0 run(s), 1 hit(s), 0 error(s), 0 left on base; West Palm 0 - BlackIron 0
BOTTOM OF THE 4TH
BlackIron Dragons batting - Pitching for West Palm Reds : LHP Octávio Ramírez
Batting: RHB Robert Buckley 0-0: Foul Ball, location: 2F
0-1: Called Strike
0-2: Ball
1-2: Foul Ball, location: 2F
1-2: SINGLE (Groundball, 6M)
Batting: RHB Jonah Duncan 0-0: Called Strike
0-1: Called Strike
0-2: Foul Ball, location: 2F
0-2: Ball
1-2: Strikes out swinging
Batting: RHB Edgardo Carrasco 0-0: Ball
1-0: Swinging Strike
1-1: Called Strike
1-2: Ball
2-2: Ball
3-2: Base on Balls
Robert Buckley to second
Batting: RHB Phil Jacobs 0-0: Called Strike
0-1: Ball
1-1: Called Strike
1-2: Strikes out swinging
Batting: RHB Brian Jackson 0-0: Foul Ball, location: 2F
0-1: Ground out 1-3 (Groundball, 23)
Bottom of the 4th over - 0 run(s), 1 hit(s), 0 error(s), 2 left on base; West Palm 0 - BlackIron 0
TOP OF THE 5TH
West Palm Reds batting - Pitching for BlackIron Dragons : RHP Juan Gutiérrez
Batting: SHB Todd Smith 0-0: Ball
1-0: Foul Ball, location: 2F
1-1: Foul Ball, location: 2F
1-2: Foul Ball, location: 2F
1-2: Foul Ball, location: 2F
1-2: Foul Ball, location: 2F
1-2: Fly out, F2 (Popup, 2LF)
Batting: RHB Jack Ray 0-0: Ball
1-0: SINGLE (Line Drive, 34)
Batting: LHB Jeff Doss 0-0: Ball
Jack Ray steals 2nd base
1-0: Foul Ball, location: 2F
1-1: Ball
2-1: Called Strike
2-2: Foul Ball, location: 2F
2-2: Fly out, F4 (Popup, 34D)
Batting: LHB Bill Smith 0-0: Ball
1-0: Fly out, F7 (Flyball, 78S)
Top of the 5th over - 0 run(s), 1 hit(s), 0 error(s), 1 left on base; West Palm 0 - BlackIron 0
BOTTOM OF THE 5TH
BlackIron Dragons batting - Pitching for West Palm Reds : LHP Octávio Ramírez
Batting: RHB José Colón 0-0: Ball
1-0: Swinging Strike
1-1: Ball
2-1: Foul Ball, location: 2F
2-2: Strikes out looking
Batting: RHB Joaquín Rosales 0-0: Ball
1-0: Ball
2-0: SINGLE (Groundball, 6)
Batting: RHB Dallas Blair 0-0: Ball
1-0: Foul Ball, location: 2F
1-1: Called Strike
1-2: Foul Ball, location: 2F
1-2: Strikes out swinging
Batting: LHB Brian Roy 0-0: Ground out 4-3 (Groundball, 34)
Bottom of the 5th over - 0 run(s), 1 hit(s), 0 error(s), 1 left on base; West Palm 0 - BlackIron 0
TOP OF THE 6TH
West Palm Reds batting - Pitching for BlackIron Dragons : RHP Juan Gutiérrez
Batting: SHB Alex Hayes 0-0: Foul Ball, location: 2F
0-1: Ball
1-1: Foul Ball, location: 2F
1-2: Fly out, F7 (Flyball, 78M)
Batting: SHB Francis Shaffer 0-0: Called Strike
0-1: Called Strike
0-2: Ball
1-2: Ground out 3-1 (Groundball, 34)
Batting: RHB Juan Vareas 0-0: Fly out, F9 (Flyball, 9M)
Top of the 6th over - 0 run(s), 0 hit(s), 0 error(s), 0 left on base; West Palm 0 - BlackIron 0
BOTTOM OF THE 6TH
BlackIron Dragons batting - Pitching for West Palm Reds : LHP Octávio Ramírez
Batting: RHB Robert Buckley 0-0: Called Strike
0-1: Called Strike
0-2: Ball
1-2: Ball
2-2: Strikes out swinging
Batting: RHB Jonah Duncan 0-0: Called Strike
0-1: Ball
1-1: Ball
2-1: Ground out 4-3 (Groundball, 4)
Batting: RHB Edgardo Carrasco 0-0: Called Strike
0-1: Ball
1-1: SINGLE (Flyball, 8RS)
Batting: RHB Phil Jacobs 0-0: Swinging Strike
0-1: Ball
1-1: Swinging Strike
1-2: Strikes out looking
Bottom of the 6th over - 0 run(s), 1 hit(s), 0 error(s), 1 left on base; West Palm 0 - BlackIron 0
TOP OF THE 7TH
West Palm Reds batting - Pitching for BlackIron Dragons : RHP Juan Gutiérrez
Batting: LHB Enrique Cortéz 0-0: Called Strike
0-1: Ground out 5-3 (Groundball, 56S)
Batting: LHB Jeff McKinney 0-0: SINGLE (Line Drive, 7LS)
Batting: SHB Todd Smith 0-0: Ball
1-0: Fly out, F9 (Flyball, 89D)
Batting: RHB Jack Ray 0-0: Ball
Jeff McKinney is caught stealing 2nd base
Top of the 7th over - 0 run(s), 1 hit(s), 0 error(s), 0 left on base; West Palm 0 - BlackIron 0
BOTTOM OF THE 7TH
BlackIron Dragons batting - Pitching for West Palm Reds : LHP Octávio Ramírez
Batting: RHB Brian Jackson 0-0: Swinging Strike
0-1: Foul Ball, location: 2F
0-2: Foul Ball, location: 2F
0-2: Foul Ball, location: 2F
0-2: Ball
1-2: Foul Ball, location: 2F
1-2: Ball
2-2: Strikes out looking
Pitching: RHP Carlos Gonzáles
Pinch Hitting: RHB Ed Sims 0-0: Ball
1-0: Called Strike
1-1: Ground out U3 (Groundball, 3L)
Pinch Hitting: LHB Leonard Young 0-0: Ground out 4-3 (Groundball, 4S)
Bottom of the 7th over - 0 run(s), 0 hit(s), 0 error(s), 0 left on base; West Palm 0 - BlackIron 0
TOP OF THE 8TH
West Palm Reds batting - Pitching for BlackIron Dragons : RHP Juan Gutiérrez
Now at 1B: Ramón Pérez
Now at 2B: Ed Sims
Batting: RHB Jack Ray 0-0: Swinging Strike
0-1: Swinging Strike
0-2: Ball
1-2: Foul Ball, location: 2F
1-2: Strikes out swinging
Batting: LHB Jeff Doss 0-0: Ball
1-0: Fly out, F7 (Line Drive, 78S)
Batting: LHB Bill Smith 0-0: DOUBLE (Line Drive, 9D)
Batting: SHB Alex Hayes 0-0: Ball
1-0: Called Strike
1-1: Ball
2-1: Fly out, F6 (Line Drive, 6)
Top of the 8th over - 0 run(s), 1 hit(s), 0 error(s), 1 left on base; West Palm 0 - BlackIron 0
BOTTOM OF THE 8TH
BlackIron Dragons batting - Pitching for West Palm Reds : RHP Carlos Gonzáles
Pinch Hitting: LHB Aurelio Torrez 0-0: Ball
1-0: Fly out, F8 (Popup, 8LS)
Batting: LHB Brian Roy 0-0: Hit by Pitch
Batting: RHB Robert Buckley 0-0: Called Strike
0-1: Ball
1-1: Ball
2-1: Ball
3-1: Foul Ball, location: 2F
3-2: Strikes out swinging
Batting: RHB Jonah Duncan 0-0: Ball
1-0: Ground out 6-3 (Groundball, 6)
Bottom of the 8th over - 0 run(s), 0 hit(s), 0 error(s), 1 left on base; West Palm 0 - BlackIron 0
TOP OF THE 9TH
West Palm Reds batting - Pitching for BlackIron Dragons : RHP Juan Gutiérrez
Now in LF: Aurelio Torrez
Pinch Hitting: RHB Juan López 0-0: Called Strike
0-1: Ball
1-1: Ball
2-1: Ball
3-1: Base on Balls
Pinch Runner at 1st Jermaine Carter:
Batting: RHB Juan Vareas 0-0: Sac Bunt - play at first, batter OUT! 5-4
Jermaine Carter to second
Batting: LHB Enrique Cortéz 0-0: Intentional Walk
Pitching: LHP Manny Luján
Batting: LHB Jeff McKinney 0-0: Ball
1-0: Ball
Jermaine Carter steals 3rd base
Enrique Cortéz to second
2-0: Foul Ball, location: 2F
2-1: Ball
3-1: Base on Balls
Batting: SHB Todd Smith 0-0: Called Strike
0-1: Ball
1-1: Foul Ball, location: 2F
1-2: Grounds into fielders choice 6-2 (Groundball, 6)
Enrique Cortéz to third
Jeff McKinney to second
Batting: RHB Jack Ray 0-0: Called Strike
0-1: Foul Ball, location: 2F
0-2: Foul Ball, location: 2F
0-2: Ball
1-2: Foul Ball, location: 2F
1-2: SINGLE (Groundball, 56D)
Enrique Cortéz scores
Jeff McKinney to third
Todd Smith to second
Runner from 3rd tries for Home, SAFE, throw made home
Todd Smith to third
Jack Ray to second
Batting: LHB Jeff Doss 0-0: Called Strike
0-1: Foul Ball, location: 2F
0-2: Ball
1-2: Ground out 4-3 (Groundball, 34)
Top of the 9th over - 2 run(s), 1 hit(s), 0 error(s), 2 left on base; West Palm 2 - BlackIron 0
BOTTOM OF THE 9TH
BlackIron Dragons batting - Pitching for West Palm Reds : RHP Carlos Gonzáles
Pitching: RHP Kei Hashimoto
Now at 1B: Félix García
Now at 3B: Ánibal Martínez
Batting: RHB Edgardo Carrasco 0-0: Ball
1-0: Foul Ball, location: 2F
1-1: Called Strike
1-2: Ball
2-2: Ball
3-2: Strikes out swinging
Batting: RHB Phil Jacobs 0-0: Swinging Strike
0-1: Swinging Strike
0-2: Foul Ball, location: 2F
0-2: Foul Ball, location: 2F
0-2: Strikes out looking
Batting: RHB Brian Jackson 0-0: Called Strike
0-1: Ball
1-1: Called Strike
1-2: Strikes out swinging
Bottom of the 9th over - 0 run(s), 0 hit(s), 0 error(s), 0 left on base; West Palm 2 - BlackIron 0
This league is powered by Out of the Park Baseball, the baseball management simulation game for PC, Mac and Linux
Wednesday, December 2nd, 2015 - OOTP Baseball 16.8 Build 38